 Dungeon Sprint DCSS version 0.25.1-2-g60ff931df9 (webtiles) character file.

Game seed: 3500637952407928385

19606 Cadaver the Fencer (level 13, -3/114 HPs)
             Began as a Human Gladiator on Nov 6, 2020.
             Was the Champion of Okawaru.
             Slain by a deep elf blademaster
             ... wielding a +0 quick blade
              (6 damage)
             ... in the Dungeon (Sprint VII: "The Pits").
             The game lasted 00:27:34 (6002 turns).

Cadaver the Fencer (Human Gladiator)                Turns: 6002, Time: 00:27:34

Health: -3/114     AC: 20    Str: 15    XL:     13   Next: 5%
Magic:  16/19      EV: 24    Int: 13    God:    Okawaru [******]
Gold:   10         SH:  0    Dex: 18    Spells: 12/12 levels left

rFire    . . .     SeeInvis .   F - +1 great sword (holy)
rCold    . . .     Gourm    .   (shield currently unavailable)
rNeg     . . .     Faith    .   k - +4 swamp dragon scales
rPois    +         Spirit   .   C - +0 hat {MR+}
rElec    .         Reflect  .   (no cloak)
rCorr    .         Harm     .   A - +0 pair of gloves
MR       +....     NoTele   +   (no boots)
Stlth    +++.......             (no amulet)
HPRegen  0.29/turn              x - +3 ring of protection
MPRegen  0.16/turn              j - +3 ring of intelligence

@: mighty, heroism, finesse, slowed, very slow
A: no striking features
a: Heroism, Finesse, Renounce Religion


You were in the Dungeon.
You worshipped Okawaru.
Okawaru was exalted by your worship.
You were not hungry.

You visited 1 branch You collected 10 gold pieces.

Inventory:

Hand Weapons
 a - a +0 long sword
 u - a +2 long sword of holy wrath
 v - a +0 vorpal flail
 y - a +2 scimitar of holy wrath
 D - a +2 scimitar of flaming
 F - a +1 great sword of holy wrath (weapon)
 G - a +4 long sword
 N - the +7 sceptre of Torment {pain, torment}
   (You took it off a vampire mage in the Dungeon)

   In the hands of one skilled in necromantic magic, it inflicts extra damage on
   living creatures.
Missiles
 d - 2 throwing nets
 m - 6 boomerangs of dispersal
 n - 39 stones
 t - 22 javelins (quivered)
 B - 3 boomerangs
Armour
 b - a +0 leather armour
 c - a +0 helmet
 k - +4 swamp dragon scales (worn)
 A - a +0 pair of gloves (worn)
 C - a +0 hat of magic resistance (worn)
Magical Staves
 o - an uncursed staff of energy
Jewellery
 j - a +3 ring of intelligence (right hand)
 x - a +3 ring of protection (left hand)
 J - an uncursed ring of poison resistance
Wands
 w - a wand of flame (8)
 E - a wand of enslavement (8)
Scrolls
 p - 4 scrolls of remove curse
 q - 5 scrolls of amnesia
 r - a scroll of summoning
 s - 2 scrolls of vulnerability
 H - 3 scrolls of fog
 I - 3 scrolls of enchant weapon
 M - a scroll of identify
 O - 2 scrolls of blinking
Potions
 e - 7 potions of curing
 g - 10 potions of heal wounds
 h - 2 potions of haste
 i - 4 potions of magic
 l - a potion of might
 z - a potion of stabbing
Miscellaneous
 K - a lightning rod (4/4)
Comestibles
 f - 9 rations
 P - 10 chunks of flesh


   Skills:
 + Level 14.5(19.5) Fighting
 + Level 20.9(25.9) Long Blades
 + Level 4.9(9.9) Throwing
 + Level 8.8(13.8) Armour
 + Level 12.4(17.4) Dodging
 - Level 2.4(7.4) Stealth
 + Level 8.7 Invocations
 * Level 4.1 Evocations


You had 12 spell levels left.
You didn't know any spells.
Your spell library was empty.

Dungeon Overview and Level Annotations

Branches:
Dungeon (1/1)

Altars:
Ashenzari
Cheibriados
Dithmenos
Elyvilon
Fedhas
Gozag
Hepliaklqana
Kikubaaqudgha
Makhleb
Nemelex Xobeh
Okawaru
Qazlal
Ru
Sif Muna
Trog
Uskayaw
Vehumet
Wu Jian
Xom
Yredelemnul
Zin
The Shining One
Beogh
Jiyva
Lugonu

Annotations:
D Sonja


Message History

Sonja blinks!
Unknown command.
As you read the scroll of fear, it crumbles to dust.
You assume a fearsome visage.
The deep elf blademaster resists with almost no effort.
The elephant looks frightened!
Sonja looks frightened!
The deep elf blademaster hits you with a +0 quick blade!
* * * LOW HITPOINT WARNING * * *
The deep elf blademaster hits you with a +0 quick blade!
* * * LOW HITPOINT WARNING * * *
The deep elf blademaster hits you with a +0 quick blade!
* * * LOW HITPOINT WARNING * * *
The deep elf blademaster barely misses you.
Sonja gestures wildly while chanting.
Sonja looks slightly unstable.
The deep elf blademaster misses you.
You riposte.
You completely miss the deep elf blademaster.
The deep elf blademaster is moderately wounded.
The deep elf blademaster hits you with a +0 quick blade.
You die...

#..'# #..# #..#.# #..#
#..##[# #..# #..# #.# #..#
#Y.# #4# #..#
#..################..#
#######.......KY...........#
____.##......(.e..§........#
____.###########@'##########
__...###########''######
####'##................#
)))'.##......#..#......#
####.##........[.......+
÷.....|................+
#[#####......#..#......#
..#..##......))))......#
..'..#####'#####''######


You could see a deep elf blademaster, an elephant (fleeing) and Sonja (fleeing).

Vanquished Creatures
  A minotaur (D)
  Erolcha (D)
  A catoblepas (D)
  An anaconda (D)
  A centaur warrior (D)
  Erica (D)
  An ogre mage (D)
  4 two-headed ogres (D)
  Urug (D)
  3 hell hogs (D)
  A vampire mage (D)
  A swamp dragon (D)
  An unseen horror (D)
  A deep troll (D)
  A phantasmal warrior (D)
  A necromancer (D)
  A smoke demon (D)
  A molten gargoyle (D)
  5 elephants (D)
  2 kobold demonologists (D)
  A freezing wraith (D)
  A hellwing (D)
  An ice devil (D)
  A red devil (D)
  A hornet (D)
  A bog body (D)
  A redback (D)
  A hippogriff (D)
  A wyvern (D)
  5 yaks (D)
  Eustachio (D)
  A fire bat (D)
  A basilisk (D)
  A steam dragon (D)
  A porcupine (D)
  A black bear (D)
  4 ogres (D)
  A wolf (D)
  A crocodile (D)
  2 big kobolds (D)
  A small abomination (D)
  2 bullfrogs (D)
  An earth elemental (D)
  A scorpion (D)
  A gnoll shaman (D)
  An iron imp (D)
  An orc priest (D)
  An iguana (D)
  Ijyb (D)
  A hell rat (D)
  A mummy (D)
  3 gnolls (D)
  3 river rats (D)
  2 oozes (D)
  2 adder skeletons (D)
  A worm (D)
  A leopard gecko (D)
  4 orcs (D)
  2 ball pythons (D)
  A bat skeleton (D)
  A bat zombie (D)
  A giant cockroach (D)
  A goblin (D)
  2 frilled lizards (D)
  2 giant cockroach zombies (D)
  5 kobolds (D)
  A leopard gecko simulacrum (D)
  A quokka skeleton (D)
103 creatures vanquished.

Notes
Turn   | Place    | Note
-------+----------+-------------------------------------------
     0 | D        | Cadaver the Human Gladiator began the quest for the Orb.
     0 | D        | Reached XP level 1. HP: 16/16 MP: 1/1
    45 | D        | Found a glowing golden altar of the Shining One.
    45 | D        | Found a glowing silver altar of Zin.
    45 | D        | Found a basalt altar of Yredelemnul.
    45 | D        | Found a shimmering altar of Xom.
    45 | D        | Found an ornate altar of the Wu Jian Council.
    45 | D        | Found a bloodstained altar of Trog.
    45 | D        | Found a shimmering blue altar of Sif Muna.
    45 | D        | Found a sacrificial altar of Ru.
    45 | D        | Found a stormy altar of Qazlal.
    45 | D        | Found an iron altar of Okawaru.
    45 | D        | Found a sparkling altar of Nemelex Xobeh.
    45 | D        | Found a burning altar of Makhleb.
    45 | D        | Found a viscous altar of Jiyva.
    45 | D        | Found a hazy altar of Hepliaklqana.
    45 | D        | Found an opulent altar of Gozag.
    45 | D        | Found a blossoming altar of Fedhas.
    45 | D        | Found a white marble altar of Elyvilon.
    45 | D        | Found a shadowy altar of Dithmenos.
    45 | D        | Found a snail-covered altar of Cheibriados.
    46 | D        | Found a radiant altar of Vehumet.
    46 | D        | Found a corrupted altar of Lugonu.
    46 | D        | Found a roughly hewn altar of Beogh.
    47 | D        | Found a hide-covered altar of Uskayaw.
    47 | D        | Found an ancient bone altar of Kikubaaqudgha.
    47 | D        | Found a shattered altar of Ashenzari.
    51 | D        | Became a worshipper of Warmaster Okawaru
    71 | D        | Reached skill level 4 in Long Blades
    71 | D        | Reached XP level 2. HP: 18/22 MP: 2/2
   229 | D        | Reached skill level 5 in Long Blades
   258 | D        | Reached skill level 1 in Stealth
   258 | D        | Reached XP level 3. HP: 28/28 MP: 3/3
   344 | D        | Reached skill level 6 in Long Blades
   432 | D        | Noticed an ogre
   432 | D        | Noticed a wolf
   457 | D        | Killed an ogre
   457 | D        | Reached * piety under Okawaru
   457 | D        | Reached skill level 8 in Long Blades
   457 | D        | Reached skill level 1 in Armour
   457 | D        | Reached XP level 4. HP: 35/35 MP: 4/4
   457 | D        | Reached XP level 5. HP: 41/41 MP: 5/5
   492 | D        | Reached skill level 9 in Long Blades
   504 | D        | Noticed a porcupine
   525 | D        | Killed a porcupine
   525 | D        | Reached skill level 10 in Long Blades
   525 | D        | Reached XP level 6. HP: 37/48 MP: 3/6
   547 | D        | Killed a wolf
   547 | D        | Reached skill level 11 in Long Blades
   671 | D        | Noticed a yak
   695 | D        | Killed a yak
   695 | D        | Reached skill level 12 in Long Blades
   695 | D        | Reached skill level 1 in Invocations
   695 | D        | Reached XP level 7. HP: 23/55 MP: 5/7
   880 | D        | Noticed Ijyb
   889 | D        | Killed Ijyb
   895 | D        | Reached skill level 5 in Fighting
   941 | D        | Noticed a steam dragon
   941 | D        | Noticed a redback
   949 | D        | Reached ** piety under Okawaru
   949 | D        | Reached skill level 13 in Long Blades
   953 | D        | Killed a redback
   953 | D        | Reached skill level 5 in Dodging
   953 | D        | Reached XP level 8. HP: 63/63 MP: 7/9
   959 | D        | Reached skill level 14 in Long Blades
  1065 | D        | Noticed a smoke demon
  1084 | D        | Killed a smoke demon
  1084 | D        | Reached *** piety under Okawaru
  1314 | D        | Noticed Eustachio
  1365 | D        | Killed Eustachio
  1365 | D        | Reached skill level 15 in Long Blades
  1365 | D        | Reached XP level 9. HP: 59/71 MP: 10/10
  1455 | D        | Noticed an ice devil
  1462 | D        | Killed an ice devil
  1562 | D        | Noticed a swamp dragon
  1769 | D        | Noticed a deep troll
  1769 | D        | Noticed a kobold demonologist
  1769 | D        | Noticed a kobold demonologist
  1771 | D        | Noticed a red devil
  1774 | D        | Noticed an ice devil
  1819 | D        | Noticed an orange demon
  1827 | D        | Killed a kobold demonologist
  1827 | D        | Reached skill level 16 in Long Blades
  1963 | D        | Noticed a sixfirhy
  1992 | D        | Killed a kobold demonologist
  1992 | D        | Received a gift from Okawaru
  2196 | D        | Killed a deep troll
  2196 | D        | Reached **** piety under Okawaru
  2196 | D        | Received a gift from Okawaru
  2196 | D        | Reached XP level 10. HP: 40/82 MP: 9/12
  2457 | D        | Reached skill level 17 in Long Blades
  2580 | D        | Noticed a two-headed ogre
  2705 | D        | Reached skill level 5 in Armour
  2771 | D        | Noticed a two-headed ogre
  2775 | D        | Noticed an ogre mage
  2797 | D        | Killed a two-headed ogre
  2805 | D        | Killed a two-headed ogre
  2805 | D        | Reached ***** piety under Okawaru
  2805 | D        | Reached skill level 10 in Fighting
  2805 | D        | Reached skill level 5 in Invocations
  3001 | D        | Noticed a two-headed ogre
  3129 | D        | Noticed a hell hog
  3131 | D        | Noticed a hell hog
  3147 | D        | Noticed a hell hog
  3425 | D        | Killed a hell hog
  3425 | D        | Reached skill level 18 in Long Blades
  3426 | D        | Killed a hell hog
  3426 | D        | Reached XP level 11. HP: 27/92 MP: 11/15
  3432 | D        | Killed a hell hog
  3435 | D        | Reached skill level 10 in Dodging
  3739 | D        | Killed an ogre mage
  3742 | D        | Noticed a two-headed ogre
  3761 | D        | Killed a two-headed ogre
  3768 | D        | Killed a two-headed ogre
  3768 | D        | Received a gift from Okawaru
  3768 | D        | Reached skill level 19 in Long Blades
  3862 | D        | Received a gift from Okawaru
  4146 | D        | Killed a swamp dragon
  4632 | D        | Noticed Erolcha
  4727 | D        | Killed Erolcha
  4853 | D        | Reached XP level 12. HP: 92/103 MP: 14/17
  4931 | D        | Noticed Erica
  5075 | D        | Killed Erica
  5075 | D        | Reached skill level 20 in Long Blades
  5252 | D        | Noticed Urug
  5261 | D        | Killed Urug
  5459 | D        | Noticed an anaconda
  5470 | D        | Killed an anaconda
  5756 | D        | Killed an unseen horror
  5756 | D        | Received a gift from Okawaru
  5859 | D        | Noticed a vampire mage
  5871 | D        | Killed a vampire mage
  5888 | D        | Noticed a centaur warrior
  5913 | D        | Reached skill level 1 in Evocations
  5917 | D        | Noticed a catoblepas
  5926 | D        | Killed a catoblepas
  5939 | D        | Killed a centaur warrior
  5939 | D        | Reached ****** piety under Okawaru
  5953 | D        | Noticed a minotaur
  5973 | D        | Killed a minotaur
  5973 | D        | Reached XP level 13. HP: 91/114 MP: 16/19
  5977 | D        | Noticed a deep elf blademaster
  5988 | D        | Noticed Sonja
  6002 | D        | HP: 3/114 [deep elf blademaster/+0 quick blade (8)]
  6002 | D        | Slain by a deep elf blademaster

Illustrated notes

Levels and vault maps discovered:
D:        pitsprint [storerooms_1, entrance_room_1, metal_vault_6, armoury_1,
          mini_pit_1, grid_room_1, main_hall_1, silver_pit, the_coven_3,
          the_vestibule_1, steel_vault_3, golden_pit, hallway_of_sentries,
          crystal_vault_4, iron_vault_3, final_vault]

Skill      XL: |  1  2  3  4  5  6  7  8  9 10 11 12 |
---------------+-------------------------------------+-----
Long Blades    | 4 5 8 10 12 13 15 16 18 19 20 | 20.9
Stealth        | 1 2 |  2.4
Fighting       | 3 4 5 6 8 10 12 14 | 14.5
Throwing       | 3 4 |  4.9
Armour         | 1 2 3 4 5 6 8 |  8.8
Dodging        | 4 5 7 9 11 12 | 12.4
Invocations    | 1 2 3 5 6 8 |  8.7
Evocations     | 4 |  4.1

Action                   |  1- 3 |  4- 6 |  7- 9 | 10-12 | 13-15 || total
-------------------------+-------+-------+-------+-------+-------++-------
Melee: Long sword        |    37 |    28 |    27 |       |       ||    92
       Punch             |       |     1 |     2 |     7 |       ||    10
       Scimitar          |       |       |    89 |   221 |       ||   310
       Great sword       |       |       |       |    36 |    10 ||    46
Throw: Throwing net      |     1 |       |       |       |       ||     1
       Stone             |       |     2 |       |       |       ||     2
       Boomerang         |       |       |       |     1 |       ||     1
       Javelin           |       |       |       |     2 |       ||     2
Invok: Heroism           |       |     4 |     7 |    21 |       ||    32
       Finesse           |       |       |       |       |     1 ||     1
Evoke: Lightning rod     |       |       |       |     4 |       ||     4
  Use: Potion            |     1 |     1 |     5 |     6 |     5 ||    18
       Scroll            |       |       |       |     5 |     1 ||     6
 Stab: Sleeping          |     1 |       |       |       |       ||     1
       Held in net/web   |     2 |       |       |       |       ||     2
       Invisible         |       |     2 |       |       |       ||     2
       Distracted        |       |       |       |     2 |       ||     2
       Petrified         |       |       |       |     3 |       ||     3
  Eat: Chunk             |       |       |     4 |     4 |       ||     8
       Ration            |       |       |       |     3 |       ||     3
Armor: Leather armour    |    13 |       |    23 |     8 |       ||    44
       Swamp dragon scal |       |       |       |    52 |    17 ||    69
Dodge: Dodged            |    18 |    12 |    97 |   185 |    37 ||   349
       Rpst.: Long sword |     3 |     2 |     1 |       |       ||     6
       Scimitar          |       |       |    21 |    34 |       ||    55
       Great sword       |       |       |       |     7 |     9 ||    16
